 Dungeon Crawl Stone Soup version 0.12.3 (webtiles) character file.

7003 syranez the Cleaver (level 10, -1/85 HPs)
             Began as a Minotaur Berserker on Mar 15, 2019.
             Was an Elder of Trog.
             Hit by an orcish hand axe thrown by an orc warrior (13 damage)
             ... on Level 9 of the Dungeon on Mar 17, 2019.
             The game lasted 00:21:50 (11756 turns).

syranez the Cleaver (Minotaur Berserker)           Turns: 11756, Time: 00:21:50

HP  -1/85        AC 12     Str 25      XL: 10   Next: 66%
MP   7/7         EV 10     Int  4      God: Trog [****..]
Gold 586         SH  0     Dex 10      Spells:  0 memorised,  9 levels left

Res.Fire  : + . .   See Invis. : .   z - +0,+1 orc war axe
Res.Cold  : + . .   Warding    : .   h - +2 scale mail {rC+}
Life Prot.: . . .   Conserve   : .   (no shield)
Res.Poison: .       Res.Corr.  : .   (helmet restricted)
Res.Elec. : .       Clarity    : .   (no cloak)
Sust.Abil.: . .     Spirit.Shd : .   B - +0 pair of elf gauntlets
Res.Mut.  : .       Stasis     : .   (no boots)
Res.Rott. : .       Ctrl.Telep.: .   m - amulet of rage
Saprovore : . . .   Flight     : .   y - ring of sustenance
                                     e - ring of protection from fire

@: exhausted, slowed, very slow, somewhat resistant to hostile enchantments,
extremely unstealthy
A: retaliatory headbutt, horns 2
a: Burn Spellbooks, Berserk, Trog's Hand, Brothers in Arms, Renounce Religion,
Evoke Berserk Rage


You were on level 9 of the Dungeon.
You worshipped Trog.
Trog was extremely pleased with you.
You were near starving.

You visited 2 branches of the dungeon, and saw 10 of its levels.

You collected 566 gold pieces.

Inventory:

Hand weapons
 s - a -1,+0 orcish hand axe (quivered)
 z - a +0,+1 orcish war axe (weapon)
Armour
 h - a +2 scale mail of cold resistance (worn)
 B - a +0 pair of elven gauntlets (worn)
Magical devices
 a - a wand of enslavement (6)
 b - a wand of polymorph (5)
 f - a wand of slowing (17)
 C - a wand of random effects (0)
Comestibles
 c - 8 bread rations
 p - a rambutan
 v - 2 meat rations
 A - 4 rotting chunks of orc flesh
 D - 2 rotting chunks of orc flesh
Scrolls
 d - 8 scrolls of remove curse
 i - a scroll of fog {unknown}
 k - 4 scrolls of teleportation
 l - a scroll of recharging
 n - 2 scrolls of amnesia {unknown}
 q - 3 scrolls of curse jewellery {unknown}
 r - a scroll of enchant weapon I {unknown}
 t - 2 scrolls of immolation {unknown}
 w - 2 scrolls of enchant armour
 x - a scroll of blinking
Jewellery
 e - a ring of protection from fire (left hand)
 m - an amulet of rage (around neck)
 y - a ring of sustenance (right hand)
Potions
 g - 8 potions of curing
 j - 4 potions of heal wounds
 u - 2 potions of might


   Skills:
 + Level 8.3 Fighting
 + Level 11.2 Axes
 + Level 10.0 Armour
 + Level 8.5 Dodging
 + Level 2.3 Stealth
 + Level 0.6 Stabbing
 + Level 1.7 Traps
 + Level 2.8 Evocations


You had 9 spell levels left.
You didn't know any spells.

Dungeon Overview and Level Annotations

Branches:
Dungeon (9/27)             Temple (1/1) D:5
    Orc: D:6-11        Lair: D:8-13

Altars:
Ashenzari
Cheibriados
Elyvilon
Fedhas
Kikubaaqudgha
Makhleb
Nemelex Xobeh
Okawaru
Sif Muna
Trog
Vehumet
Xom
Yredelemnul
Zin
the Shining One

Shops:
D:7: [ D:8: +


Innate Abilities, Weirdness & Mutations

You reflexively headbutt those who attack you in melee.
You have a pair of horns on your head.


Message History

The orc warrior shouts!
The orc warrior throws an orcish hand axe.
The orcish hand axe hits you!
You see here an orcish hand axe.
The orc priest mumbles some strange prayers to Beogh against you.
Pain shoots through your body!
* * * LOW HITPOINT WARNING * * *
The orc priest's eyes start to glow.
There is an open door here.
You hit the orc priest. You headbutt the orc priest.
The orc priest is heavily wounded.
The orc warrior throws an orcish hand axe.
The orcish hand axe hits you!
* * * LOW HITPOINT WARNING * * *
The orc priest hits you but does no damage.
Your scale mail prevents you from hitting the orc priest.
The orc priest is heavily wounded.
The orc warrior throws an orcish hand axe.
The orcish hand axe hits you!
You die...

#.8≈≈≈≈≈≈≈;≈≈≈≈≈≈≈≈≈≈≈
#.≈8≈≈≈≈≈≈≈≈≈≈≈≈≈≈≈≈≈≈
#.≈≈.'################
#.≈≈.#........,,,,,,,,
#)≈≈##........,,,,,,,,
#[%%...........8,,,,,,
##%≈≈##......o.o, ,,,,,
#..≈≈o#)........,,,,,,,
#.)≈≈.@################
#.%≈8≈≈≈≈≈≈≈≈≈≈≈≈≈≈≈≈≈≈
#..8≈≈≈≈≈≈≈≈≈≈≈≈≈≈≈≈≈≈≈
#.........).........[..
#....).[)........[.....
#######################


You could see an orc warrior and an orc priest.

Vanquished Creatures
  2 hydra zombies (D:8)
  A trapdoor spider zombie (D:9)
  2 trolls (D:9)
  A two-headed ogre (D:9)
  A hippogriff (D:6)
  2 hungry ghosts (D:9)
  A cyclops zombie (D:9)
  A wyvern skeleton (D:9)
  5 orc warriors
  2 centaurs
  A sky beast (D:8)
  2 ice beasts
  6 ogres
  4 phantoms
  A giant goldfish (D:9)
  A yellow wasp (D:9)
  A crocodile (D:9)
  2 giant frogs (D:6)
  A giant frog zombie (D:9)
  A two-headed ogre zombie (D:8)
  A basilisk zombie (D:8)
  A vampire bat (D:5)
  2 electric eels (D:9)
  2 jellyfish (D:9)
  2 goliath beetles (D:9)
  4 big fish (D:9)
  4 crimson imps
  4 hounds
  5 orc priests
  5 iguanas
  13 orc wizards
  A scorpion (D:8)
  A hound skeleton (D:4)
  A worker ant zombie (D:5)
  4 worker ants
  A sheep (D:7)
  2 jellies
  Terence (D:3)
  11 adders
  3 giant mites
  An adder skeleton (D:8)
  An iguana skeleton (D:5)
  5 worms
  2 spectral bats (D:5)
  3 bat skeletons (D:5)
  2 bat zombies
  4 giant eyeballs
  3 giant geckos (D:2)
  4 oozes
  37 orcs
  3 fire bats (D:5)
  5 giant cockroaches
  10 hobgoblins
  6 jackals
  8 kobolds
  5 quokkas
  25 bats
  A bat simulacrum (D:5)
  2 giant newts
  4 goblins
  19 rats
  4 ballistomycetes (D:8)
260 creatures vanquished.

Vanquished Creatures (others)
  An orc (D:3)
  A giant spore (D:8)
2 creatures vanquished.

Grand Total: 262 creatures vanquished

Notes
Turn   | Place    | Note
--------------------------------------------------------------
     0 | D:1      | syranez, the Minotaur Berserker, began the quest for the Orb.
     0 | D:1      | Reached XP level 1. HP: 19/19 MP: 0/0
   309 | D:1      | Reached XP level 2. HP: 26/26 MP: 0/0
   722 | D:2      | Reached skill level 4 in Axes
   766 | D:2      | Acquired Trog's second power
   795 | D:2      | Reached XP level 3. HP: 29/33 MP: 1/1
  1313 | D:2      | Reached XP level 4. HP: 15/39 MP: 1/1
  1529 | D:3      | Noticed Terence
  1541 | D:3      | Killed Terence
  1541 | D:3      | Reached skill level 5 in Axes
  2254 | D:4      | Reached XP level 5. HP: 46/46 MP: 1/1
  2293 | D:4      | Found a burning altar of Makhleb.
  2382 | D:4      | Noticed an ogre
  2393 | D:4      | Killed an ogre
  2393 | D:4      | Reached XP level 6. HP: 33/53 MP: 2/2
  3053 | D:4      | Reached skill level 1 in Stealth
  3142 | D:4      | Found a glowing silver altar of Zin.
  3220 | D:4      | Reached skill level 1 in Traps
  3297 | D:5      | Entered Level 5 of the Dungeon
  3556 | D:5      | Noticed Grinder
  3558 | D:5      | Noticed Grinder
  3558 | D:5      | Grinder changed into Grinder the crimson imp
  3561 | D:5      | Killed Grinder the crimson imp
  3561 | D:5      | Reached skill level 6 in Axes
  3798 | D:5      | Reached XP level 7. HP: 57/60 MP: 2/2
  3836 | D:5      | Reached skill level 5 in Dodging
  3850 | D:5      | Found a staircase to the Ecumenical Temple.
  3906 | Temple   | Entered the Ecumenical Temple
  4415 | D:6      | Acquired Trog's third power
  4575 | D:6      | Reached skill level 5 in Fighting
  4964 | D:6      | Reached skill level 5 in Armour
  4964 | D:6      | Reached XP level 8. HP: 58/68 MP: 2/2
  4997 | D:6      | Paralysed by a giant eyeball for 4 turns
  5004 | D:6      | Paralysed by a giant eyeball for 2 turns
  5338 | D:6      | Reached skill level 7 in Axes
  6540 | D:7      | Found Zousuh's Antique Armour Shoppe.
  6902 | D:7      | Found a deep blue altar of Sif Muna.
  7176 | D:8      | Noticed a six-headed hydra zombie
  7188 | D:8      | Killed a hydra zombie
  7188 | D:8      | Reached skill level 8 in Axes
  7188 | D:8      | Reached XP level 9. HP: 60/75 MP: 3/3
  7345 | D:8      | Found a shattered altar of Ashenzari.
  7360 | D:8      | Noticed a four-headed hydra zombie
  7376 | D:8      | Killed a hydra zombie
  7376 | D:8      | Reached skill level 1 in Evocations
  8294 | D:8      | Paralysed by a giant eyeball for 4 turns
  8354 | D:8      | Found Utuh's Book Shop.
  8536 | D:8      | Found a blossoming altar of Fedhas.
  8718 | D:9      | Reached skill level 9 in Axes
  9197 | D:9      | Reached XP level 10. HP: 83/83 MP: 7/7
  9474 | D:9      | Noticed a trapdoor spider zombie
  9489 | D:9      | Killed a trapdoor spider zombie
  9793 | D:9      | Reached skill level 10 in Axes
 11380 | D:9      | Reached skill level 11 in Axes
 11743 | D:9      | Reached skill level 10 in Armour
 11756 | D:9      | Hit by an orcish hand axe thrown by an orc warrior

Action                   |  1- 3 |  4- 6 |  7- 9 | 10-12 || total
-------------------------+-------+-------+-------+-------++-------
Melee: Hand axe          |    75 |   201 |    16 |       ||   292
       War axe           |       |       |   302 |   189 ||   491
Throw: Hand axe          |       |       |     1 |     2 ||     3
Invok: Berserk           |       |     2 |     6 |     5 ||    13
       Trog's Hand       |       |       |     1 |       ||     1
Evoke: Wand              |       |     2 |    16 |     2 ||    20
  Use: Scroll            |       |     7 |     7 |     4 ||    18
       Potion            |       |       |     1 |       ||     1
 Stab: Paralysed         |       |       |     1 |       ||     1
